Workbook

Sheet Лист1
G1: Информация
A2: о выполнении основных социально-экономических показателей за сентябрь 2016 года по Дубенскому району
A3: Наименование | C3: годовой прогноз | D3: выполнение годового прогноза | G3: С начала года | N3: в том числе за отчетный месяц
A4: показателей | B4: ед. | E4: прогноз | F4: ожид. | G4: % | H4: соответ. | I4: темп | J4: кол-во балов | M4: прогноз | N4: факт | O4: % | P4: кол-во балов
B5: изм. | G5: вып. | H5: пер.пр.г. | I5: роста | J5: прог. | K5: факт | L5: % вып | O5: вып | P5: прогн. | Q5: факт | R5: % вып.
A6: 1.Собственные доходы,* | B6: т.р. | E6: 31807.5 | F6: 32817 | G6: =F6/E6 -> 1.0317378 | H6: 29251.3 | I6: =F6/H6 -> 1.1218989 | J6: 25 | K6: =J6*G6 -> 25.793445 | L6: =K6-J6 -> 0.79344494 | M6: 4620.8 | N6: 4816.9 | O6: =N6/M6 -> 1.0424385 | P6: 25 | Q6: =P6*O6 -> 26.060963
A7: 2.Закуп молока,* | B7: т. | H7: 0
B8: т. | H8: 0
A9: общественным сектором | B9: т. | C9: 15100 | D9: =F9/C9 -> 0.78027815 | E9: =[1]август!E9+[1]сентябрь!M9 -> 11491 | F9: =[1]август!F9+[1]сентябрь!N9 -> 11782.2 | G9: =F9/E9 -> 1.0253416 | H9: 11173.2 | I9: =F9/H9 -> 1.0545054 | J9: 10 | K9: =J9*G9 -> 10.253416 | L9: =K9-J9 -> 0.25341572 | M9: 1238 | N9: 1143.2 | O9: =N9/M9 -> 0.92342488 | P9: 10 | Q9: =P9*O9 -> 9.2342488
B10: т. | E10: =[1]август!E10+[1]сентябрь!M10 -> 0 | F10: =[1]август!F10+[1]сентябрь!N10 -> 0 | H10: 0
A11: 3.Закуп мяса,** | B11: т. | E11: =[1]август!E11+[1]сентябрь!M11 -> 0 | F11: =[1]август!F11+[1]сентябрь!N11 -> 0 | H11: 0
B12: т. | E12: =[1]август!E12+[1]сентябрь!M12 -> 0 | F12: =[1]август!F12+[1]сентябрь!N12 -> 0 | H12: 0
A13: обшественным сектором | B13: т. | C13: 4378 | D13: =F13/C13 -> 0.74618547 | E13: =[1]август!E13+[1]сентябрь!M13 -> 3233 | F13: =[1]август!F13+[1]сентябрь!N13 -> 3266.8 | G13: =F13/E13 -> 1.0104547 | H13: 3138 | I13: =F13/H13 -> 1.0410453 | J13: 5 | K13: =J13*G13 -> 5.0522734 | L13: =K13-J13 -> 0.05227343 | M13: 354 | N13: 353 | O13: =N13/M13 -> 0.99717514
A14: 4.Товарооборот,* | B14: т.р. | C14: 1064092 | D14: =F14/C14 -> 0.72148085 | E14: =[1]август!E14+[1]сентябрь!M14 -> 767211 | F14: =[1]август!F14+[1]сентябрь!N14 -> 767722 | G14: =F14/E14 -> 1.000666 | H14: 691276 | I14: =F14/H14 -> 1.1105868 | J14: 5 | K14: =J14*G14 -> 5.0033302 | L14: =K14-J14 -> 0.0033302442 | M14: 97066 | N14: 97100 | O14: =N14/M14 -> 1.0003503 | P14: 5 | Q14: =P14*O14 -> 5.0017514
A15: 5.Обьем отгруженной продукции,* | B15: т.р. | C15: 398744 | D15: =F15/C15 -> 0.78156637 | E15: =[1]август!E15+[1]сентябрь!M15 -> 316557 | F15: =[1]август!F15+[1]сентябрь!N15 -> 311644.9 | G15: =F15/E15 -> 0.98448273 | H15: 4935.3 | I15: =F15/H15 -> 63.14609 | J15: 5 | K15: =J15*G15 -> 4.9224137 | L15: =K15-J15 -> -0.077586343 | M15: 52907 | N15: 30740 | O15: =N15/M15 -> 0.58101952 | P15: 5 | Q15: =P15*O15 -> 2.9050976
A16: 6.Общ.площ.вед.жиль ,** | B16: кв.м | C16: 4000 | D16: =F16/C16 -> 0.59725 | E16: =[1]август!E16+[1]сентябрь!M16 -> 2235 | F16: =[1]август!F16+[1]сентябрь!N16 -> 2389 | G16: =F16/E16 -> 1.0689038 | H16: 2342 | I16: =F16/H16 -> 1.0200683 | J16: 10 | K16: =J16*G16 -> 10.689038 | L16: =K16-J16 -> 0.68903803 | N16: 665
A17: 7.Темп роста зар.платы,** | B17: т. | C17: 113 | D17: =F17/C17 -> 0.93097345 | E17: 108 | F17: 105.2 | G17: =F17/E17 -> 0.97407407 | H17: 107.6 | I17: =F17/H17 -> 0.97769517 | J17: 10 | K17: =J17*G17 -> 9.7407407 | L17: =K17-J17 -> -0.25925926
A18: 8.Сохранность поголовья скота КРС в сельхозорганизациях и КФХ,** | B18: гол | E18: 4144.6 | F18: 4279.2 | G18: =F18/E18 -> 1.032476 | H18: 4136 | I18: =F18/H18 -> 1.0346228 | J18: 15 | K18: =J18*G18 -> 15.48714 | L18: =K18-J18 -> 0.48713989
A19: 9.**Объем инвистиций в основной капитал (за исключением бюджетных средств). | B19: тыс.р. | H19: 163000 | K19: =J19*G19 -> 0 | L19: =K19-J19 -> 0
A20: 10.Оценка качества управления финансами и платежеспособности муниципальных образований | H20: 0
H21: 0 | L21: =K21-J21 -> 0
H22: 0
A23: Реализация водки | B23: дал | C23: 7302 | D23: =F23/C23 -> 0.87852643 | E23: =[1]август!E23+[1]сентябрь!M23 -> 5633 | F23: =[1]август!F23+[1]сентябрь!N23 -> 6415 | G23: =F23/E23 -> 1.1388248 | H23: 6162 | I23: =F23/H23 -> 1.0410581 | M23: 633 | N23: 754 | O23: =N23/M23 -> 1.1911532
A24: Реализация пива, всего(.) | B24: дал. | E24: =M24+'[1]июнь '!E24 -> 0 | F24: =N24+[1]июль!F24 -> 0 | H24: 0
A25: в т.ч. мордовское | B25: дал. | C25: 7762 | E25: =[1]август!E25+[1]сентябрь!M25 -> 6007 | F25: =[1]август!F25+[1]сентябрь!N25 -> 6195 | G25: =F25/E25 -> 1.0312968 | H25: 6544 | I25: =F25/H25 -> 0.9466687 | M25: 679 | N25: 680 | O25: =N25/M25 -> 1.0014728
A26: % | C26: 40 | F26: =N26+'[1]март 2016 '!F26 -> 0
A27: ИТОГО: | J27: =J6+J9+J13+J14+J15+J16+J17+J18 -> 85 | K27: =K6+K9+K13+K14+K15+K16+K17+K18 -> 86.941797 | L27: =K27/J27 -> 1.0228447 | P27: =P6+P9+P14+P15 -> 45 | Q27: =Q6+Q9+Q14+Q15 -> 43.202061 | R27: =Q27/P27 -> 0.96004581
A28: Поголовье скота,ус.гол | E28: =(E29-E30)*0.6+E30+E31*0.3 -> 10500 | F28: =(F29-F30)*0.6+F30+F31*0.3 -> 10833.6 | G28: =F28/E28 -> 1.0317714 | H28: =(H29-H30)*0.6+H30+H31*0.3 -> 10500 | I28: =F28/H28 -> 1.0317714
A29: Погол. общ сект КРС | B29: гол | E29: 5417 | F29: 5756 | G29: =F29/E29 -> 1.0625808 | H29: 5417 | I29: =F29/H29 -> 1.0625808
A30: коров | B30: гол | E30: 2208 | F30: 2208 | G30: =F30/E30 -> 1 | H30: 2208 | I30: =F30/H30 -> 1
A31: свиней | B31: гол | E31: 21222 | F31: 21656 | G31: =F31/E31 -> 1.0204505 | H31: 21222 | I31: =F31/H31 -> 1.0204505
A32: Погол.скота усл.голов | E32: 4167.3 | F32: =(F33-F34)*0.6+F34+F35*0.3 -> 3071.4 | G32: =F32/E32 -> 0.73702397 | H32: 4167.3 | I32: =F32/H32 -> 0.73702397
A33: Личное подворье КРС | E33: 3720 | F33: 3200 | G33: =F33/E33 -> 0.86021505 | H33: 4007 | I33: =F33/H33 -> 0.79860245
A34: коров | E34: 406 | F34: 366 | G34: =F34/E34 -> 0.90147783 | H34: 420 | I34: =F34/H34 -> 0.87142857
A35: свиней | E35: 4730 | F35: 3350 | G35: =F35/E35 -> 0.70824524 | H35: 4730 | I35: =F35/H35 -> 0.70824524
A36: Условные головы | E36: 14371.3 | F36: =F28+F32 -> 13905 | G36: =F36/E36 -> 0.96755339 | H36: 14371.3 | I36: =F36/H36 -> 0.96755339

Sheet Лист2

Sheet Лист3
